 Dungeon Crawl Stone Soup version 0.19-a0-994-g3c636f0 (webtiles) character file.

25 Arkorax the Stinger (level 2, -4/24 HPs)
             Began as a Troll Venom Mage on July 15, 2016.
             Slain by Sigmund
             ... wielding a +0 scythe
              (6 damage)
             ... on level 2 of the Dungeon.
             The game lasted 00:01:20 (890 turns).

Arkorax the Stinger (Troll Venom Mage)               Turns: 890, Time: 00:01:21

Health: -4/24      AC:  5    Str: 20    XL:     2   Next: 86%
Magic:  2/2        EV: 10    Int: 11    God:
Gold:   14         SH:  0    Dex: 10    Spells: 1 memorised, 2 levels left

rFire  . . .     SeeInvis .       - Unarmed
rCold  . . .     Gourm    +     a - +0 robe
rNeg   . . .     Faith    .     (no shield)
rPois  .         Spirit   .     (helmet restricted)
rElec  .         Dismiss  .     (no cloak)
rCorr  .         Reflect  .     (gloves unavailable)
SustAt .         Harm     .     (boots unavailable)
MR     .....                    (no amulet)
Stlth  +.........               (no ring)
                                (no ring)

@: mighty, not resistant to hostile enchantments, very unstealthy
A: unfitting armour, claws 3, fast metabolism 3, gourmand, regeneration 2,
shaggy fur 1, tough skin 2
a: no special abilities


You were on level 2 of the Dungeon.
You were very full.

You visited 1 branch of the dungeon, and saw 2 of its levels.

You collected 14 gold pieces.

Inventory:

Armour
 a - a +0 robe (worn)
Scrolls
 e - 3 scrolls of immolation {unknown}
 f - a scroll of fog {unknown}
 g - 3 scrolls of identify {unknown}
 k - a scroll of magic mapping {unknown}
Potions
 j - a potion of flight {unknown}
Books
 b - a Young Poisoner's Handbook

   Spells                             Type                      Level
   a - Sting                          Conjuration/Poison           1
   b - Mephitic Cloud                 Conjuration/Poison/Air       3
   c - Olgreb's Toxic Radiance        Poison                       4
   d - Alistair's Intoxication        Transmutation/Poison         5
   e - Venom Bolt                     Conjuration/Poison           5
Comestibles
 c - 3 bread rations
 i - a meat ration


   Skills:
 - Level 1.5 Dodging
 - Level 1.1 Stealth
 + Level 2.6 Unarmed Combat
 - Level 1.2 Spellcasting
 - Level 2.9 Poison Magic


You had 2 spell levels left.
You knew the following spells:

 Your Spells              Type           Power        Failure   Level  Hunger
a - Sting                 Conj/Pois      #...         21%         1    ##.....


Dungeon Overview and Level Annotations

Branches:
Dungeon (2/15)

Altars:

Annotations:
D:2 Sigmund


Innate Abilities, Weirdness & Mutations

You are too large for most types of armour.
You have claws for hands.
Your metabolism is lightning-fast.
You like to eat raw meat.
You heal very quickly.
You are covered in fur. (AC +1)
You have very tough skin. (AC +2)


Message History

You are too injured to fight recklessly!
You are too injured to fight recklessly!
You are confused.
You're too confused to move!
Something hits you but does no damage.
It was a potion of might.
You feel very mighty all of a sudden. Something hits you but does no damage.
It was a potion of curing.
You feel better. Something hits you!
Ouch! That really hurt!
* * * LOW HITPOINT WARNING * * *
You miss something. Something completely misses you.
You barely miss something. You claw something! Something hits you.
* * * LOW HITPOINT WARNING * * *
You barely miss something. Something hits you.
* * * LOW HITPOINT WARNING * * *
You completely miss something. You claw something! Something hits you.
You die...

.......#
#..........
.......#####
#..........
...........#
#..........
........##.#
#..)..>....
........##.# #'#
#####...##.#####.#
#...##.....#.#
#...####.###{#
#...# #.# #@#
#...# #.###.#
#.....# #######


There were no monsters in sight!

Vanquished Creatures
  A dart slug (D:1)
  A giant gecko (D:1)
  6 goblins (D:1)
  6 hobgoblins
  A jackal (D:1)
  A bat (D:1)
  A kobold (D:1)
  2 rats (D:1)
19 creatures vanquished.

Notes
Turn   | Place    | Note
-------+----------+-------------------------------------------
     0 | D:1      | Arkorax the Troll Venom Mage began the quest for the Orb.
     0 | D:1      | Reached XP level 1. HP: 16/16 MP: 1/1
    19 | D:1      | Reached skill level 1 in Unarmed Combat
   228 | D:1      | Reached XP level 2. HP: 23/24 MP: 2/2
   869 | D:2      | Noticed Sigmund
   888 | D:2      | HP: 1/24 [something (1)]
   890 | D:2      | Slain by Sigmund

Vault maps used:
D:1:      roderic_octagonal_star, minmay_bisected
D:2:      small_statue_intersection, uniq_sigmund, uniq_natasha, uniq_robin

Skill      XL: |  1  2 |
---------------+-------+-----
Unarmed Combat | 1 2 |  2.6
Dodging        | |  1.5
Stealth        | |  1.1
Spellcasting   | |  1.2
Poison Magic   | |  2.9

Action                   || total
-------------------------++-------
Melee: Unarmed           ||    34
  Use: Potion            ||     2
 Stab: Distracted        ||     1
  Eat: Chunk             ||    13
Armor: Robe              ||     9
Dodge: Dodged            ||    10
